 Dungeon Crawl Stone Soup version 0.31-a0-702-gf82c85558f (webtiles) character file.

Game seed: 9771744543703601124

3637 qw the Skirmisher (level 10, -6/64 HPs)
             Began as a Gargoyle Hunter on Sept 8, 2023.
             Was an Initiate of Okawaru.
             Killed by divine providence
             ... invoked by Jeremiah
              (10 damage)
             ... on level 8 of the Dungeon.
             The game lasted 00:03:45 (6128 turns).

qw the Skirmisher (Gargoyle Hunter)                 Turns: 6128, Time: 00:03:46

Health: -6/64      AC: 20    Str: 14    XL:     10   Next: 11%
Magic:  10/10      EV: 17    Int: 11    God:    Okawaru [......]
Gold:   88         SH:  5    Dex: 17    Spells: 9/9 levels left

rFire   + . .        Y - +1 orcbow
rCold   . . .        (shield currently unavailable)
rNeg    + . .        t - +1 ring mail {rPois}
rPois   inf          l - +1 helmet {SInv}
rElec   +            m - +0 cloak
rCorr   .            f - +0 pair of gloves
SInv    +            i - +0 pair of boots
Will    .....        c - amulet of reflection
Stlth   +            g - ring of protection from fire
HPRegen 0.30/turn    a - +5 ring of evasion
MPRegen 0.12/turn

%: reflection
@: no status effects
A: sickness immunity, AC +7, negative energy resistance 1, electricity
resistance, torment resistance 1, petrification resistance
a: Renounce Religion


You were on level 8 of the Dungeon.
You worshipped Okawaru.
Okawaru was noncommittal.
You visited 2 branches of the dungeon, and saw 9 of its levels.

You collected 262 gold pieces.
You spent 174 gold pieces at shops.


Innate Abilities, Weirdness & Mutations

You are immune to sickness and miasma.
Your stone body is resilient. (AC +7)
You are immune to poison.
You resist negative energy. (rN+)
You are resistant to electric shocks. (rElec)
You are resistant to unholy torment.
You are immune to petrification.


   Skills:
 - Level 8.2 Fighting
 + Level 11.2 Ranged Weapons
 - Level 5.3 Armour
 - Level 3.4 Dodging
 - Level 1.1 Stealth


You had 9 spell levels left.
You didn't know any spells.
Your spell library was empty.

Inventory:

Hand Weapons
 Y - a +1 orcbow (weapon)
Armour
 f - a +0 pair of gloves (worn)
 i - a +0 pair of boots (worn)
 l - a +1 helmet of see invisible (worn)
 m - a +0 cloak (worn)
 t - a +1 ring mail of poison resistance (worn)
Jewellery
 a - a +5 ring of evasion (right hand)
 c - an amulet of reflection (around neck)
 g - a ring of protection from fire (left hand)
 w - a ring of positive energy
Scrolls
 b - a scroll of identify
Potions
 j - a potion of might
 k - a potion of haste
 q - a potion of mutation {unknown}
 r - a potion of berserk rage {unknown}
 u - a potion of brilliance {unknown}
 v - a potion of curing {unknown}

Dungeon Overview and Level Annotations

Branches:
Dungeon (8/15)             Temple (1/1) D:7
   Lair: D:8-11

Altars:
Ashenzari
Cheibriados
Dithmenos
Hepliaklqana
Kikubaaqudgha
Makhleb
Nemelex Xobeh
Okawaru
Qazlal
Ru
Sif Muna
Trog
Uskayaw
Vehumet
Wu Jian
Yredelemnul
Zin
The Shining One

Shops:
D:7 (?

Annotations:
D:3 1 runed translucent door
D:7 Joseph
D:8 Jeremiah


Message History

The arrow hits the butterfly.
You kill the butterfly!
The butterfly disappears in a burst of colours!
The butterfly disappears in a burst of colours!
The butterfly disappears in a burst of colours!
You hear the quick creaking of a portcullis very nearby.
The butterfly disappears in a burst of colours!
You shoot an arrow.
The arrow hits Jeremiah but does no damage.
Jeremiah is moderately wounded.
The butterfly disappears in a burst of colours! x2
Jeremiah shouts, "Stop it!
Stop making me do this!"
Enter note: Jeremiah lets out a twisted cry.
Something smites you!
The butterfly disappears in a burst of colours!
The butterfly disappears in a burst of colours!
The butterfly disappears in a burst of colours!
The butterfly disappears in a burst of colours! x2
The butterfly disappears in a burst of colours!
The butterfly disappears in a burst of colours!
Enter note: You shoot an arrow.
The arrow closely misses the butterfly. x2
The arrow hits the butterfly!
You kill the butterfly!
The butterfly disappears in a burst of colours!
The butterfly disappears in a burst of colours! x3
Jeremiah hops!
The butterfly disappears in a burst of colours! x2
Jeremiah shouts, "O dreadful one, destroy my foe!"
Something smites you!
The butterfly disappears in a burst of colours!
Jeremiah hops!
Jeremiah asks, "Am I dreaming?
Is this real?"
The butterfly disappears in a burst of colours!
Enter note: Jeremiah mumbles a slurred invocation.
Something smites you!
You die...
Jeremiah wails, "I didn't mean to kill anyone!
I'm not a murderer!"

b# #.# ### .# ###.#####.#
b# #.........######## b#
#................# .#
#.......#......#.##
b#######.#'##.######....#
......F..#.#.........b.##
##########.#..#####b...###!
#.#..?.@.bbb......
#.#...###bbF.########
#.#.b.....bb.#..#.#.#
#.#..####..#.#..#.#.#
..#..# #.....b.#.#.# #..#
#.#.........# ####
#.#.......### #.........'<#
.####......###


You could see Jeremiah.

Vanquished Creatures
  Prince Ribbit (D:7)
  Grinder (D:5)
  A wyvern (D:8)
  Menkaure (D:6)
  Edmund (D:5)
  5 water moccasins
  2 ice beasts
  An orc warrior (D:7)
  A black bear (D:7)
  4 ogres
  A centaur (D:7)
  A phantom (D:6)
  A kobold brigand (D:7)
  2 scorpions (D:4)
  3 hounds
  A human zombie (D:3)
  2 jellies
  3 orc priests
  A gnoll bouda (D:6)
  An iron imp (D:5)
  4 sleepcaps
  4 orc wizards
  3 iguanas
  Ijyb (D:5)
  3 gnolls (D:6)
  10 adders
  2 river rats (D:4)
  A shadow imp (D:7)
  2 worms
  A dart slug (D:4)
  33 orcs
  8 ball pythons
  9 endoplasms
  4 giant cockroaches
  3 goblins
  7 hobgoblins
  4 jackals (D:2)
  8 quokkas
  8 bats
  2 frilled lizards
  A jackal zombie (D:3)
  8 kobolds
  A kobold zombie (D:3)
  4 rats
165 creatures vanquished.

Vanquished Creatures (others)
  Erica (D:8)
1 creature vanquished.

Grand Total: 166 creatures vanquished

Notes
Turn   | Place    | Note
-------+----------+-------------------------------------------
     0 | D:1      | qw the Gargoyle Hunter began the quest for the Orb.
     0 | D:1      | Reached XP level 1. HP: 12/12 MP: 1/1
     0 | D:1      | 0 ||| qw: Version: 0.3-a-76-g4403597
     0 | D:1      | 0 ||| qw: Game counter: 1157
     0 | D:1      | 0 ||| qw: Melee chars always use a shield: true
     0 | D:1      | 0 ||| qw: God list: Okawaru
     0 | D:1      | 0 ||| qw: Allow faded altars: false
     0 | D:1      | 0 ||| qw: Do Orc after clearing Dungeon:15 true
     0 | D:1      | 0 ||| qw: Do second Lair branch before Depths: true
     0 | D:1      | 0 ||| qw: Lair rune preference: random
     0 | D:1      | 0 ||| qw: Goals: Normal
     0 | D:1      | 0 ||| PLANNING D:1-11
   145 | D:1      | Reached XP level 2. HP: 13/17 MP: 2/2
   666 | D:1      | 666 ||| UPGRADING to +0 ring mail.
   676 | D:1      | 676 ||| DROPPING +0 leather armour.
   677 | D:1      | 677 ||| UPGRADING to +0 pair of gloves.
   682 | D:1      | 682 ||| READING scroll labelled HIEDUN TICHOJ.
   683 | D:1      | 683 ||| READING scroll labelled MAINU USIJO.
   684 | D:1      | 684 ||| READING scroll labelled DUEHOG NOIBA.
   685 | D:1      | 685 ||| DROPPING scroll of butterflies.
   731 | D:2      | Reached XP level 3. HP: 19/21 MP: 3/3
   762 | D:2      | Reached skill level 1 in Armour
   790 | D:2      | Reached skill level 5 in Ranged Weapons
  1028 | D:2      | Reached skill level 3 in Fighting
  1028 | D:2      | Reached XP level 4. HP: 24/28 MP: 4/4
  1137 | D:2      | 1137 ||| UPGRADING to +0 robe of cold resistance.
  1147 | D:2      | 1147 ||| UPGRADING to amulet of reflection.
  1152 | D:2      | 1152 ||| UPGRADING to ring of protection from fire.
  1153 | D:2      | 1153 ||| READING scroll labelled NOIMIGREBY.
  1154 | D:2      | 1154 ||| READING 2 scrolls of identify.
  1154 | D:2      | 1154 ||| IDENTIFYING amethyst potion
  1386 | D:3      | Found a runed translucent door.
  1386 | D:3      | Noticed a human
  1520 | D:3      | Found a basalt altar of Yredelemnul.
  1521 | D:3      | 1521 ||| UPGRADING to +5 ring of evasion.
  1545 | D:3      | Reached XP level 5. HP: 24/32 MP: 5/5
  1636 | D:3      | Found a faded altar of an unknown god.
  2059 | D:3      | 2059 ||| UPGRADING to +0 pair of boots.
  2064 | D:3      | 2064 ||| DROPPING amulet of guardian spirit.
  2065 | D:3      | 2065 ||| READING 4 scrolls of identify.
  2065 | D:3      | 2065 ||| IDENTIFYING clear potion
  2099 | D:4      | 2099 ||| PLANNING SEWER
  2173 | D:4      | 2173 ||| RETREATING.
  2181 | D:4      | 2181 ||| Stepping ~*~*~tactically~*~*~ (retreating).
  2182 | D:4      | 2182 ||| Stepping ~*~*~tactically~*~*~ (retreating).
  2183 | D:4      | 2183 ||| Stepping ~*~*~tactically~*~*~ (retreating).
  2184 | D:4      | 2184 ||| Stepping ~*~*~tactically~*~*~ (retreating).
  2186 | D:4      | 2186 ||| Stepping ~*~*~tactically~*~*~ (retreating).
  2187 | D:4      | 2187 ||| Stepping ~*~*~tactically~*~*~ (retreating).
  2192 | D:4      | Reached skill level 6 in Ranged Weapons
  2306 | D:4      | Reached XP level 6. HP: 30/39 MP: 6/6
  2756 | D:4      | 2756 ||| RIP SEWER
  2796 | D:4      | 2796 ||| PLANNING D:1-11
  2828 | D:4      | 2828 ||| Stepping ~*~*~tactically~*~*~ (water).
  2846 | D:4      | Reached skill level 7 in Ranged Weapons
  2975 | D:4      | Reached XP level 7. HP: 26/44 MP: 7/7
  3281 | D:4      | 3281 ||| UPGRADING to +0 cloak.
  3286 | D:4      | 3286 ||| READING 3 scrolls of identify.
  3286 | D:4      | 3286 ||| IDENTIFYING golden potion
  3287 | D:4      | 3287 ||| READING 2 scrolls of identify.
  3287 | D:4      | 3287 ||| IDENTIFYING glowing pink potion
  3288 | D:4      | 3288 ||| DROPPING potion of invisibility.
  3313 | D:5      | Entered Level 5 of the Dungeon
  3599 | D:5      | Reached skill level 8 in Ranged Weapons
  3613 | D:5      | Noticed Ijyb
  3623 | D:5      | Killed Ijyb
  3639 | D:5      | Noticed Edmund
  3662 | D:5      | HP: 7/44 [Edmund/+3 flail of holy wrath (7)]
  3663 | D:5      | 3663 ||| DRINKING 4 potions of heal wounds.
  3664 | D:5      | 3664 ||| Stepping ~*~*~tactically~*~*~ (retreating).
  3665 | D:5      | 3665 ||| Stepping ~*~*~tactically~*~*~ (retreating).
  3666 | D:5      | 3666 ||| Stepping ~*~*~tactically~*~*~ (retreating).
  3667 | D:5      | 3667 ||| Stepping ~*~*~tactically~*~*~ (retreating).
  3672 | D:5      | 3672 ||| Stepping ~*~*~tactically~*~*~ (retreating).
  3674 | D:5      | 3674 ||| Stepping ~*~*~tactically~*~*~ (retreating).
  3679 | D:5      | Reached XP level 8. HP: 32/49 MP: 8/8
  3682 | D:5      | Killed Edmund
  3799 | D:5      | Reached skill level 9 in Ranged Weapons
  3804 | D:5      | Noticed Grinder
  3817 | D:5      | Paralysed by Grinder for 4 turns
  3821 | D:5      | Killed Grinder
  3822 | D:5      | Reached skill level 6 in Fighting
  3904 | D:5      | Found a snail-covered altar of Cheibriados.
  4024 | D:5      | 4024 ||| DROPPING amulet of the acrobat.
  4025 | D:5      | 4025 ||| READING scroll labelled VUOMI GOZOEWU.
  4045 | D:6      | 4045 ||| STAIRDANCE
  4073 | D:6      | 4073 ||| STAIRDANCE
  4141 | D:6      | Identified the +2 spear "Votath" {heavy, rN+ Int+2}
  4159 | D:6      | Found a broken altar of Ashenzari.
  4228 | D:6      | Reached skill level 10 in Ranged Weapons
  4228 | D:6      | Reached XP level 9. HP: 53/56 MP: 9/9
  4230 | D:6      | Noticed Menkaure
  4233 | D:6      | Killed Menkaure
  4234 | D:6      | Reached skill level 3 in Dodging
  4704 | D:6      | 4704 ||| READING scroll labelled SIKLOU ITENLOO.
  4705 | D:6      | 4705 ||| READING scroll labelled DIUWIA ACSYMO.
  4745 | D:7      | Noticed Joseph
  4775 | D:7      | HP: 12/56 [Joseph/+3 quarterstaff of draining (12)]
  4776 | D:7      | 4776 ||| READING scroll of teleportation.
  4777 | D:7      | 4777 ||| DRINKING 4 potions of heal wounds.
  4780 | D:7      | Found a staircase to the Ecumenical Temple.
  4781 | D:7      | 4781 ||| PLANNING TEMPLE
  4793 | D:7      | 4793 ||| Stepping ~*~*~tactically~*~*~ (retreating).
  4958 | D:7      | HP: 10/57 [orc warrior/arrow (16)]
  4959 | D:7      | 4959 ||| DRINKING 3 potions of heal wounds.
  5054 | D:7      | Found Oquhyatu's Antique Weapon Shop.
  5058 | D:7      | 5058 ||| SWAPPING to +0 orcbow.
  5059 | D:7      | 5059 ||| DROPPING +0 shortbow.
  5069 | D:7      | Found Bipnosku's Magic Scroll Shoppe.
  5078 | D:7      | 5078 ||| BUYING scroll of enchant weapon (90 gold).
  5078 | D:7      | Bought a scroll of enchant weapon for 90 gold pieces
  5078 | D:7      | 5078 ||| BUYING scroll of identify (24 gold).
  5078 | D:7      | Bought a scroll of identify for 24 gold pieces
  5078 | D:7      | 5078 ||| BUYING scroll of identify (24 gold).
  5078 | D:7      | Bought a scroll of identify for 24 gold pieces
  5078 | D:7      | 5078 ||| BUYING scroll of teleportation (36 gold).
  5078 | D:7      | Bought a scroll of teleportation for 36 gold pieces
  5078 | D:7      | 5078 ||| READING scroll of enchant weapon.
  5078 | D:7      | 5078 ||| ENCHANTING +0 orcbow.
  5166 | D:7      | Found a glowing silver altar of Zin.
  5180 | D:7      | Reached skill level 11 in Ranged Weapons
  5276 | D:7      | Noticed Prince Ribbit
  5289 | D:7      | Killed Prince Ribbit
  5292 | D:7      | 5292 ||| DROPPING +0 ring mail.
  5293 | D:7      | 5293 ||| UPGRADING to +1 ring mail of poison resistance.
  5303 | D:7      | 5303 ||| DROPPING +0 robe of cold resistance.
  5304 | D:7      | 5304 ||| READING scroll labelled CAFOEX TA KYINU.
  5305 | D:7      | 5305 ||| READING scroll labelled OFEAJU TEMIFEH.
  5306 | D:7      | 5306 ||| READING 3 scrolls of identify.
  5306 | D:7      | 5306 ||| IDENTIFYING blue potion
  5307 | D:7      | 5307 ||| READING 2 scrolls of identify.
  5307 | D:7      | 5307 ||| IDENTIFYING lumpy grey potion
  5308 | D:7      | 5308 ||| DROPPING potion of ambrosia.
  5309 | D:7      | 5309 ||| DROPPING potion of lignification.
  5337 | Temple   | Entered the Ecumenical Temple
  5338 | Temple   | 5338 ||| PLANNING OKAWARU WORSHIP
  5346 | Temple   | Became a worshipper of Warmaster Okawaru
  5347 | Temple   | 5347 ||| PLANNING D:1-11
  5455 | D:7      | 5455 ||| READING 2 scrolls of teleportation.
  5662 | D:7      | Reached skill level 3 in Armour
  5698 | D:8      | Noticed Erica
  5699 | D:8      | 5699 ||| RETREATING.
  5700 | D:8      | 5700 ||| Stepping ~*~*~tactically~*~*~ (outnumbered).
  5721 | D:8      | HP: 8/59 [something (12)]
  5722 | D:8      | 5722 ||| READING scroll of teleportation.
  5723 | D:8      | 5723 ||| DRINKING 2 potions of heal wounds.
  5723 | D:8      | Killed Erica
  5724 | D:8      | Reached XP level 10. HP: 41/64 MP: 10/10
  5880 | D:8      | 5880 ||| Stepping ~*~*~tactically~*~*~ (outnumbered).
  5931 | D:8      | Noticed Jeremiah
  5932 | D:8      | 5932 ||| FLEEEEING.
  5934 | D:8      | 5934 ||| FLEEEEING.
  5935 | D:8      | 5935 ||| FLEEEEING.
  5947 | D:8      | 5947 ||| FLEEEEING.
  5971 | D:8      | 5971 ||| UPGRADING to +1 helmet of see invisible.
  5981 | D:8      | 5981 ||| FLEEEEING.
  6005 | D:8      | 6005 ||| FLEEEEING.
  6006 | D:8      | 6006 ||| FLEEEEING.
  6026 | D:8      | 6026 ||| FLEEEEING.
  6036 | D:8      | 6036 ||| READING 3 scrolls labelled BARRYQ ROIVUARGH.
  6049 | D:8      | 6049 ||| READING scroll labelled CORCHO JULEP NYPESK.
  6060 | D:8      | 6060 ||| DROPPING 2 scrolls of blinking.
  6084 | D:8      | HP: 16/64 [Jeremiah/divine providence (9)]
  6085 | D:8      | 6085 ||| DRINKING potion of heal wounds.
  6093 | D:8      | HP: 16/64 [Jeremiah/divine providence (11)]
  6106 | D:8      | HP: 7/64 [Jeremiah/divine providence (13)]
  6120 | D:8      | HP: 2/64 [Jeremiah/divine providence (10)]
  6128 | D:8      | Killed from afar by Jeremiah

Levels and vault maps discovered:
D:1:      minmay_arrival_arboretum_small, layout_basic,
          nicolae_figureground_pulse
D:2:      layout_basic, minmay_pentomino_pile
D:3:      layout_loops_corners, dk_yredelemnul_ordeal, basic_ecumenical_altar
D:4:      layout_basic, gup_sewer_entry_bubbles, minmay_misc_feat_room,
          minivault_25
D:5:      lemuel_ice_spiral_2, layout_rooms, slow_altar_1, uniq_grinder,
          uniq_edmund, uniq_ijyb
D:6:      layout_rooms, nicolae_ashenzari_skybound, nrook_loot_triangle,
          uniq_menkaure
D:7:      layout_rooms, mainiacjoe_overflow_paths, temple_pool_b, serial_shops,
          nicolae_shop_hallway_stairs, shop, grunt_decor_fettered,
          hellmonk_no_cap, uniq_joseph, uniq_prince_ribbit1
D:8:      layout_basic, elyvilon_altar_1, nicolae_overflow_crystal_walls,
          enter_bailey_7, uniq_jeremiah, uniq_erica
Temple:   eino_temple_lava

Skill      XL: |  1  2  3  4  5  6  7  8  9 10 |
---------------+-------------------------------+-----
Armour         | 1 5 |  5.3
Ranged Weapons | 5 6 7 8 10 11 | 11.2
Fighting       | 3 4 5 6 7 8 |  8.2
Dodging        | 2 3 |  3.4
Stealth        | |  1.1

Action                     |  1- 3 |  4- 6 |  7- 9 | 10-12 || total
---------------------------+-------+-------+-------+-------++-------
  Melee: Unarmed           |       |       |     3 |       ||     3
   Fire: Shortbow          |   124 |   215 |   457 |       ||   796
         Orcbow            |       |       |    75 |    41 ||   116
    Use: Scroll            |     3 |     3 |    13 |     2 ||    21
         Potion            |       |       |     4 |     1 ||     5
 Armour: Leather armour    |     8 |       |       |       ||     8
         Ring mail         |    43 |       |    21 |    30 ||    94
         Robe              |       |    38 |   110 |       ||   148
         Skin              |       |       |    10 |       ||    10
  Dodge: Dodged            |    45 |    74 |   209 |    24 ||   352
  Block: Other             |       |    21 |    66 |     9 ||    96
         Reflection        |       |       |     6 |       ||     6

Table legend:
 A = Non-vault XP
 B = Vault XP
 C = Vault XP percentage of total XP
 D = Non-vault monster count
 E = Vault monster count
 F = Vault count percentage of total count
                 A         B        C        D         E       F
            +---------+---------+-------+---------+---------+-------
      Total |    3401 |    1796 |  34.6 |     142 |      24 |  14.5
            +---------+---------+-------+---------+---------+-------
        D:1 |      31 |       0 |   0.0 |      18 |       0 |   0.0
        D:2 |      51 |      10 |  16.4 |      17 |       4 |  19.0
        D:3 |      50 |      47 |  48.5 |      20 |       3 |  13.0
        D:4 |     471 |      48 |   9.2 |      16 |       8 |  33.3
        D:5 |     804 |     501 |  38.4 |      23 |       4 |  14.8
        D:6 |     745 |     172 |  18.8 |      20 |       1 |   4.8
        D:7 |     830 |     452 |  35.3 |      19 |       3 |  13.6
        D:8 |     419 |     566 |  57.5 |       9 |       1 |  10.0
            +---------+---------+-------+---------+---------+-------
